 Dungeon Crawl Stone Soup version 0.32-a0-986-ga09f62fbf4 (webtiles) character file.

Game seed: 10745722484642571757

443 GiantSquids the Changeling (level 7, -2/64 HPs)
             Began as an Octopode Shapeshifter on Apr 22, 2024.
             Slain by Duvessa
             ... wielding a +0 short sword
              (10 damage)
             ... on level 4 of the Dungeon.
             The game lasted 00:07:05 (2417 turns).

GiantSquids the Changeling (Octopode Shapeshifter)  Turns: 2417, Time: 00:07:05

Health: -2/64      AC: 23    Str: 16    XL:     7   Next: 2%
Magic:  7/7        EV:  2    Int: 12    God:
Gold:   108        SH:  0    Dex: 11    Spells: 6/6 levels left

rFire   . . .        l - +2 dagger (speed)
rCold   . . .        (no shield)
rNeg    . . .        (helmet currently unavailable)
rPois   +            (no amulet)
rElec   .            n - +4 ring of slaying
rCorr   .            (no ring)
SInv    .            (no ring)
Will    .....        (no ring)
Stlth   ++           (no ring)
HPRegen 0.30/turn    (no ring)
MPRegen 0.10/turn    (no ring)
                     (no ring)

%: no passive effects
@: tree-form
A: stationary, stasis, torment immunity, boosted hp, almost no armour,
(amphibious), 8 rings, (camouflage 1), (gelatinous body 1), (nimble swimmer 1),
(tentacles)
a: no special abilities


You were on level 4 of the Dungeon.
You were a tree.
You visited 1 branch of the dungeon, and saw 4 of its levels.

You collected 108 gold pieces.

Inventory:

Hand Weapons
 l - a +2 dagger of speed (weapon)
Missiles
 t - 4 silver javelins (quivered)
 v - 4 stones
Jewellery
 n - a +4 ring of slaying (left branch)
Talismans
 b - a beast talisman (active)
 c - a flux talisman
Scrolls
 e - 3 scrolls of noise {unknown}
 f - 5 scrolls of identify {unknown}
 h - a scroll of amnesia {unknown}
 i - a scroll of enchant armour {unknown}
 j - a scroll of poison {unknown}
 m - a scroll of immolation {unknown}
 o - 3 scrolls of teleportation {unknown}
 p - a scroll of summoning {unknown}
 q - a scroll of blinking {unknown}
 s - a scroll of fog {unknown}
 w - a scroll of vulnerability {unknown}
Potions
 a - a potion of lignification
 d - a potion of curing {unknown}
 g - a potion of mutation {unknown}
 k - a potion of attraction {unknown}
 r - a potion of magic {unknown}
 u - a potion of might {unknown}


   Skills:
 - Level 1.0 Fighting
 - Level 2.0 Dodging
 - Level 4.5 Stealth
 - Level 3.0 Unarmed Combat
 * Level 6.4 Shapeshifting


You had 6 spell levels left.
You didn't know any spells.
Your spell library contained the following spells:

 Spells                   Type           Power      Damage    Failure   Level
 Chain Lightning          Conj/Air       0%         N/A       100%        9
 Fire Storm               Conj/Fire      0%         5d1       100%        9
 Shatter                  Erth           0%         3d5*      100%        9


Dungeon Overview and Level Annotations

Branches:
Dungeon (4/15)
 Temple: D:4-7

Altars:

Annotations:
D:4 Duvessa


Innate Abilities, Weirdness & Mutations

You are a tree.
Your roots penetrate the ground, keeping you stationary.
You cannot be teleported.
You are immune to unholy pain and torment.
Your maximum health is greatly increased.
You cannot wear most types of armour.
((You are amphibious.))
You can wear up to eight rings at the same time.
((Your skin changes colour to match your surroundings (Stealth+).))
((Your rubbery body absorbs attacks. (AC +1, EV +1)))
((You are camouflaged when in or above water. (Stealth+)))
((You have tentacles for arms and can constrict up to eight enemies at once.))


Message History

Duvessa is severely wounded.
Duvessa hits you but does no damage.
You barely miss Duvessa.
Duvessa is severely wounded.
Duvessa hits you with a +0 short sword.
* * * LOW HITPOINT WARNING * * *
You hit Duvessa.
Duvessa is almost dead.
Duvessa hits you but does no damage.
You hit Duvessa.
Duvessa is almost dead.
Duvessa hits you but does no damage.
You hit Duvessa but do no damage.
Duvessa is almost dead.
Duvessa hits you with a +0 short sword.
* * * LOW HITPOINT WARNING * * *
You barely miss Duvessa.
Duvessa is almost dead.
Duvessa hits you but does no damage.
You barely miss Duvessa.
Duvessa is almost dead.
Duvessa hits you but does no damage.
You hit Duvessa.
Duvessa is almost dead.
Duvessa is no longer moving quickly.
Duvessa hits you with a +0 short sword.
* * * LOW HITPOINT WARNING * * *
You hit Duvessa.
Duvessa is almost dead.
Duvessa hits you with a +0 short sword.
* * * LOW HITPOINT WARNING * * *
You barely miss Duvessa.
Duvessa is almost dead.
Duvessa hits you but does no damage.
You barely miss Duvessa.
Duvessa is almost dead.
Duvessa hits you but does no damage.
You hit Duvessa.
Duvessa is almost dead.
Duvessa hits you with a +0 short sword!
You die...

##.# #.# ##.# #e# ##.#
#.# ...# #e# #..# #.#
...# #.# ...# #.#
####################.##
................♣e....#
#######################


You could see Duvessa (berserk).

Vanquished Creatures
  Blork the orc (D:4)
  A scorpion (D:4)
  Dowan (D:4)
  A bombardier beetle (D:3)
  Terence (D:2)
  An iguana (D:4)
  Robin (D:4)
  A gnoll (D:3)
  4 adders (D:2)
  2 dart slugs (D:3)
  4 ribbon worms
  5 orcs (D:3)
  3 ball pythons
  8 bats
  8 endoplasms
  A giant cockroach (D:4)
  15 goblins
  8 hobgoblins
  20 jackals
  3 quokkas
  5 frilled lizards
  8 kobolds
  10 rats
112 creatures vanquished.

Notes
Turn   | Place    | Note
-------+----------+-------------------------------------------
     0 | D:1      | GiantSquids the Octopode Shapeshifter began the quest for
                  | the Orb.
     0 | D:1      | Reached XP level 1. HP: 13/13 MP: 1/1
    23 | D:1      | Reached skill level 1 in Stealth
    24 | D:1      | Reached XP level 2. HP: 16/18 MP: 2/2
   144 | D:1      | Reached XP level 3. HP: 19/23 MP: 3/3
   517 | D:2      | Reached skill level 4 in Shapeshifting
   521 | D:2      | Reached XP level 4. HP: 26/28 MP: 4/4
   801 | D:2      | Identified the +9 plate armour of the Feral Baku {rElec rF-
                  | rN+ SInv}
   884 | D:2      | Identified the +5 falchion "Ryucicla" {drain, rF+}
  1047 | D:2      | Noticed Terence
  1056 | D:2      | Killed Terence
  1057 | D:2      | Reached XP level 5. HP: 33/33 MP: 5/5
  1547 | D:3      | Identified the +0 cloak of Lylatziu {rN+++ Str-3 Int-2
                  | Stlth+}
  1553 | D:3      | Identified the +0 helmet of the Present {rElec Dex+3 Slay+2
                  | Stlth+}
  1606 | D:3      | Reached skill level 5 in Shapeshifting
  2117 | D:4      | Noticed Robin
  2133 | D:4      | Reached XP level 6. HP: 35/38 MP: 6/6
  2140 | D:4      | Killed Robin
  2210 | D:4      | Noticed Blork the orc
  2220 | D:4      | Killed Blork the orc
  2221 | D:4      | Reached skill level 6 in Shapeshifting
  2366 | D:4      | Noticed Dowan
  2366 | D:4      | Noticed Duvessa
  2385 | D:4      | Killed Dowan
  2386 | D:4      | Reached XP level 7. HP: 43/43 MP: 7/7
  2417 | D:4      | Slain by Duvessa

Illustrated notes

Levels and vault maps discovered:
D:1:      amcnicky_arrival_feature_with_door, layout_basic
D:2:      layout_loops_cross, minivault_4, hex_tiny, uniq_terence
D:3:      layout_basic, grunt_ministairs_6, minmay_close_crescents
D:4:      layout_basic, hangedman_abyss_or_decor_stabs, uniq_robin,
          uniq_blork_the_orc, uniq_duvessa

Skill      XL: |  1  2  3  4  5  6 |
---------------+-------------------+-----
Stealth        | 1 2 3 4 |  4.5
Shapeshifting  | 4 5 6 |  6.4
Fighting       | |  1.0
Dodging        | |  2.0
Unarmed Combat | |  3.0

Action                     |  1- 3 |  4- 6 |  7- 9 || total
---------------------------+-------+-------+-------++-------
  Melee: Unarmed           |    61 |    15 |       ||    76
         Constrict         |    19 |    31 |       ||    50
         Tentacles         |    12 |    24 |       ||    36
         Punch             |     1 |     1 |       ||     2
         Dagger            |       |   101 |    31 ||   132
    Use: Potion            |       |       |     1 ||     1
   Stab: Sleeping          |     5 |    13 |       ||    18
 Armour: Skin              |    20 |    28 |    32 ||    80
  Dodge: Dodged            |    40 |    42 |       ||    82

Table legend: (Time is in decaauts)
 A = Elapsed time spent in this place.
 B = Non-inter-level travel time spent in this place.
 C = Inter-level travel time spent in this place.
 D = Time resting spent in this place.
 E = Time spent auto-exploring this place.
 F = Levels seen in this place.
 G = Mean time per level.
                   A        B        C        D        E       F      G
               +--------+--------+--------+--------+--------+-----+--------+
         Total |   2367 |   2312 |     55 |      0 |   1524 |   4 |  591.8 |
       Dungeon |   2367 |   2312 |     55 |      0 |   1524 |   4 |  591.8 |
               +--------+--------+--------+--------+--------+-----+--------+

Top non-repeatable levels by time:
     D:3: 864 daAuts
     D:2: 712 daAuts
     D:1: 506 daAuts
     D:4: 284 daAuts
